 Dungeon Crawl Stone Soup version 0.30.0-20-g3615ddf2f0 (webtiles) character file.

Game seed: 10068666611723584901

119 qw the Chopper (level 5, -8/32 HPs)
             Began as a Gargoyle Fighter on May 29, 2023.
             Mangled by an ogre
             ... wielding a +0 giant spiked club
              (18 damage)
             ... on level 4 of the Dungeon.
             The game lasted 00:01:26 (2338 turns).

qw the Chopper (Gargoyle Fighter)                   Turns: 2338, Time: 00:01:27

Health: -8/32      AC: 16    Str: 21    XL:     5   Next: 3%
Magic:  5/5        EV:  7    Int:  9    God:
Gold:   269        SH:  4    Dex:  9    Spells: 4/4 levels left

rFire   . . .        Y - +2 war axe
rCold   . . .        c - +0 buckler
rNeg    + . .        e - +0 chain mail
rPois   inf          (no helmet)
rElec   +            k - +2 cloak
rCorr   .            (no gloves)
SInv    .            (no boots)
Will    .....        (no amulet) Stlth
                     (no ring)
HPRegen 0.25/turn    (no ring)
MPRegen 0.09/turn

%: no passive effects
@: no status effects
A: sickness immunity, AC +4, negative energy resistance 1, electricity
resistance, torment resistance 1, petrification resistance
a: no special abilities


You were on level 4 of the Dungeon.
You visited 1 branch of the dungeon, and saw 4 of its levels.

You collected 269 gold pieces.


Innate Abilities, Weirdness & Mutations

You are immune to sickness and miasma.
Your stone body is resilient. (AC +4)
You are immune to poison.
You resist negative energy. (rN+)
You are resistant to electric shocks. (rElec)
You are resistant to unholy torment.
You are immune to petrification.


   Skills:
 - Level 3.2 Fighting
 + Level 4.6 Axes
 - Level 3.2 Armour
 - Level 3.2 Shields


You had 4 spell levels left.
You didn't know any spells.
Your spell library was empty.

Inventory:

Hand Weapons
 i - a +0 mace
 Y - a +2 war axe (weapon)
Armour
 c - a +0 buckler (worn)
 e - a +0 chain mail (worn)
 k - a +2 cloak (worn)
Scrolls
 b - a scroll of immolation {unknown}
 f - a scroll of teleportation
 h - a scroll of identify
Potions
 a - a potion of magic {unknown}
 d - 3 potions of might
 g - 2 potions of curing

Dungeon Overview and Level Annotations

Branches:
Dungeon (4/15)
 Temple: D:4-7

Altars:
Qazlal
Ru
Sif Muna
Zin


Message History

You hit the ball python.
You kill the ball python!
Found a stone staircase leading up.
Enter note:
b - a scroll labelled ARYNAO UBBEQELAF An ogre comes into view.
It is wielding a +0 giant spiked club.
The ogre shouts!
Enter note:
Enter note: An endoplasm comes into view.
A ball python comes into view.
2330 ||| Stepping ~*~*~tactically~*~*~ (stealth).
An endoplasm comes into view.
The endoplasm quivers.
2332 ||| Stepping ~*~*~tactically~*~*~ (stealth).
The ball python hisses angrily.
The adder hisses angrily.
You barely miss the ogre.
The ogre hits you with a +0 giant spiked club!
You block the adder's attack.
You slash the ogre!
The ogre is moderately wounded.
You barely miss the adder. The adder bites you.
The ogre hits you with a +0 giant spiked club.
You block the ball python's attack. The ball python grabs you.
The ball python constricts you. The adder bites you but does no damage.
You slash the ball python!
You kill the ball python!
You miss the adder. You hit the ogre. You slash the endoplasm!
You kill the endoplasm!
The adder bites you but does no damage.
The ogre hits you with a +0 giant spiked club.
The adder bites you but does no damage.
You barely miss the ogre.
The ogre is heavily wounded.
You barely miss the adder. The adder bites you but does no damage.
The ogre hits you with a +0 giant spiked club!!
Ouch! That really hurt!
You die...

##.#. #S
...##....#####.
<..............
............. ..
#.........#
#..##.........#
.............# #
..#........O.# ##.
..........S@.# #...
###.##..%#####
....####.##......##
....................S


PPP.._.[PPPP..PPPP... ......).............# ##.####....##.#######
...........##.# ...#####...##.. You could see an ogre and an adder.

Vanquished Creatures
  3 adders
  A worm (D:2)
  A dart slug (D:1)
  5 orcs (D:3)
  7 ball pythons
  12 endoplasms
  2 giant cockroaches (D:1)
  6 goblins
  5 hobgoblins
  6 jackals
  3 quokkas (D:1)
  9 bats
  2 frilled lizards
  7 kobolds
  8 rats
77 creatures vanquished.

Notes
Turn   | Place    | Note
-------+----------+-------------------------------------------
     0 | D:1      | qw the Gargoyle Fighter began the quest for the Orb.
     0 | D:1      | Reached XP level 1. HP: 14/14 MP: 1/1
     0 | D:1      | 0 ||| qw: Version: 0.2-a-102-g2b76a06
     0 | D:1      | 0 ||| qw: Game counter: 399
     0 | D:1      | 0 ||| qw: Always use a shield: true
     0 | D:1      | 0 ||| qw: God list: Okawaru
     0 | D:1      | 0 ||| qw: Allow faded altars: false
     0 | D:1      | 0 ||| qw: Do Orc after D:15 true
     0 | D:1      | 0 ||| qw: Do second Lair branch before Depths: true
     0 | D:1      | 0 ||| qw: Lair rune preference: random
     0 | D:1      | 0 ||| qw: Plans: Normal, Zot:1-4, Slime:5, God:TSO, Crypt,
                  | Tomb, Pan, Hells, Abyss, Win
     0 | D:1      | 0 ||| PLANNING D:1-11
    23 | D:1      | Reached skill level 2 in Axes
    58 | D:1      | Reached XP level 2. HP: 18/19 MP: 2/2
   397 | D:1      | Reached skill level 3 in Axes
   407 | D:1      | Reached XP level 3. HP: 22/23 MP: 3/3
   828 | D:1      | 828 ||| Stepping ~*~*~tactically~*~*~ (stealth).
   933 | D:1      | 933 ||| UPGRADING to +0 cloak.
   938 | D:1      | 938 ||| READING scroll labelled VUJYRO HOME.
   939 | D:1      | 939 ||| READING scroll labelled PAUXZI TEXUZ.
   940 | D:1      | 940 ||| READING scroll labelled ADWO YDESSE.
   941 | D:1      | 941 ||| READING scroll labelled GOCA WAWUFAU.
   944 | D:1      | 944 ||| READING 2 scrolls labelled ACZEJI HEPSEMI.
   945 | D:1      | 945 ||| READING scroll of enchant armour.
   945 | D:1      | 945 ||| ENCHANTING +0 cloak.
  1023 | D:2      | Found a shimmering blue altar of Sif Muna.
  1058 | D:2      | 1058 ||| Stepping ~*~*~tactically~*~*~ (stealth).
  1065 | D:2      | Found a faded altar of an unknown god.
  1263 | D:2      | Reached XP level 4. HP: 28/28 MP: 4/4
  1263 | D:2      | 1263 ||| DROPPING +0 club.
  1558 | D:2      | 1558 ||| READING 2 scrolls labelled ENUPLU EKADY.
  1559 | D:2      | 1559 ||| READING 2 scrolls labelled XOOGEX VAWOI.
  1560 | D:2      | 1560 ||| READING scroll labelled FOTIYSCHAUFIR.
  1561 | D:2      | 1561 ||| DRINKING 3 amethyst potions.
  1562 | D:2      | 1562 ||| DRINKING 2 fuming inky potions.
  1563 | D:2      | 1563 ||| DROPPING scroll of fear.
  1564 | D:2      | 1564 ||| DROPPING 2 potions of flight.
  1565 | D:2      | 1565 ||| DROPPING potion of brilliance.
  1618 | D:3      | Reached skill level 4 in Axes
  1915 | D:3      | Found a stormy altar of Qazlal.
  1985 | D:3      | 1985 ||| READING scroll of enchant armour.
  1985 | D:3      | 1985 ||| ENCHANTING +1 cloak.
  2006 | D:3      | Found a glowing silver altar of Zin.
  2216 | D:3      | 2216 ||| READING scroll of enchant weapon.
  2216 | D:3      | 2216 ||| ENCHANTING +1 war axe.
  2242 | D:3      | 2242 ||| UPGRADING to +0 chain mail.
  2252 | D:3      | 2252 ||| DROPPING +0 scale mail.
  2253 | D:3      | 2253 ||| READING scroll labelled LUW PUPY ESHA.
  2254 | D:3      | 2254 ||| READING scroll labelled LUTTIY QOSCHAUHAAMP.
  2255 | D:3      | 2255 ||| READING scroll labelled GYUXAW RUF.
  2256 | D:3      | 2256 ||| DRINKING 3 emerald potions.
  2272 | D:4      | 2272 ||| Stepping ~*~*~tactically~*~*~ (stealth).
  2284 | D:4      | Reached XP level 5. HP: 30/32 MP: 5/5
  2302 | D:4      | Found a sacrificial altar of Ru.
  2319 | D:4      | 2319 ||| Stepping ~*~*~tactically~*~*~ (stealth).
  2327 | D:4      | Noticed an ogre
  2330 | D:4      | 2330 ||| Stepping ~*~*~tactically~*~*~ (stealth).
  2332 | D:4      | 2332 ||| Stepping ~*~*~tactically~*~*~ (stealth).
  2338 | D:4      | Mangled by an ogre

Levels and vault maps discovered:
D:1:      eino_arrival_druids_welcome, layout_basic, minmay_octomino_e4
D:2:      layout_basic, basic_ecumenical_altar, basic_altar
D:3:      layout_basic, lemuel_crystal_altar, mainiacjoe_overflow_tiny_flanked
D:4:      layout_rooms, mainiacjoe_overflow_boulevard, minmay_temple_entry_grid

Skill      XL: |  1  2  3  4 |
---------------+-------------+-----
Axes           | 2 3 4 |  4.6
Fighting       | |  3.2
Armour         | |  3.2
Shields        | |  3.2

Action                     |  1- 3 |  4- 6 || total
---------------------------+-------+-------++-------
  Melee: War axe           |   139 |    82 ||   221
    Use: Scroll            |     6 |     8 ||    14
         Potion            |       |     3 ||     3
 Armour: Scale mail        |    79 |    30 ||   109
         Chain mail        |       |    10 ||    10
  Dodge: Dodged            |    52 |    36 ||    88
  Block: Buckler           |    22 |    23 ||    45

Table legend:
 A = Non-vault XP
 B = Vault XP
 C = Vault XP percentage of total XP
 D = Non-vault monster count
 E = Vault monster count
 F = Vault count percentage of total count
                 A         B        C        D         E       F
            +---------+---------+-------+---------+---------+-------
      Total |     165 |       6 |   3.5 |      73 |       4 |   5.2
            +---------+---------+-------+---------+---------+-------
        D:1 |      49 |       6 |  10.9 |      28 |       4 |  12.5
        D:2 |      38 |       0 |   0.0 |      16 |       0 |   0.0
        D:3 |      64 |       0 |   0.0 |      21 |       0 |   0.0
        D:4 |      14 |       0 |   0.0 |       8 |       0 |   0.0
            +---------+---------+-------+---------+---------+-------
